 Dungeon Crawl Stone Soup version 0.31-a0-1-g4198be8 (webtiles) character file.

Game seed: 13191849914690677048

978 Nithhogg the Chopper (level 8, -10/71 HPs)
             Began as a Hill Orc Fighter on May 2, 2023.
             Mangled by a two-headed ogre
             ... wielding a +0 giant spiked club
              (18 damage)
             ... on level 6 of the Dungeon on May 3, 2023.
             The game lasted 00:11:30 (4537 turns).

Nithhogg the Chopper (Hill Orc Fighter)             Turns: 4537, Time: 00:11:31

Health: -10/71     AC: 16    Str: 35    XL:     8   Next: 17%
Magic:  12/12      EV:  9    Int:  8    God:
Gold:   174        SH:  0    Dex: 15    Spells: 7/7 levels left

rFire   + + .        q - +3 trident (heavy)
rCold   . . .        (no shield)
rNeg    . . .        y - +3 chain mail {rF+}
rPois   .            (no helmet)
rElec   .            (no cloak)
rCorr   .            (no gloves)
SInv    .            N - +2 pair of boots of the Fifty Curses {rF+ Str+2 Dex+5}
Will    .....        F - amulet of regeneration Stlth
                     p - +6 ring of strength
HPRegen 1.11/turn    h - +6 ring of strength
MPRegen 0.13/turn

%: no passive effects
@: no status effects
A: no striking features
a: no special abilities


You were on level 6 of the Dungeon.
You visited 1 branch of the dungeon, and saw 6 of its levels.

You collected 282 gold pieces.
You spent 108 gold pieces at shops.

Inventory:

Hand Weapons
 a - a +0 war axe
 q - a +3 heavy trident (weapon)
Armour
 b - a +0 scale mail
 c - a +0 buckler
 y - a +3 chain mail of fire resistance (worn)
 L - a +0 pair of boots
 N - the +2 pair of boots of the Fifty Curses (worn) {rF+ Str+2 Dex+5}
   (You found it on level 6 of the Dungeon)

   Str:       It affects your strength (+2).
   Dex:       It affects your dexterity (+5).
   rF:        It protects you from fire.
Jewellery
 f - a +6 ring of intelligence
 h - a +6 ring of strength (right hand)
 p - a +6 ring of strength (left hand)
 v - an amulet of regeneration
 F - an amulet of regeneration (around neck)
 I - a ring of see invisible
Wands
 d - a wand of flame (18)
 D - a wand of iceblast (12)
 E - a wand of quicksilver (6)
 K - a wand of mindburst (5)
Scrolls
 i - 6 scrolls of identify {unknown}
 j - 6 scrolls of poison {unknown}
 k - a scroll of summoning {unknown}
 l - a scroll of acquirement {unknown}
 m - 3 scrolls of enchant armour {unknown}
 n - 3 scrolls of vulnerability {unknown}
 o - 3 scrolls of noise {unknown}
 u - 2 scrolls of teleportation {unknown}
 w - a scroll of silence {unknown}
 x - a scroll of fog {unknown}
 z - a scroll of amnesia {unknown}
 B - 2 scrolls of immolation {unknown}
 C - 2 scrolls of blinking {unknown}
 G - a scroll of fear {unknown}
Potions
 e - 2 potions of haste {unknown}
 g - 3 potions of curing {unknown}
 r - 3 potions of berserk rage {unknown}
 s - 3 potions of mutation {unknown}
 t - a potion of degeneration {unknown}
 A - a potion of might
 H - a potion of heal wounds {unknown}
 J - 2 potions of cancellation {unknown}
 M - a potion of flight {unknown}


   Skills:
 + Level 6.5 Fighting
 + Level 6.5 Axes
 + Level 6.0 Armour
 - Level 3.2 Shields
 + Level 5.7 Invocations


You had 7 spell levels left.
You didn't know any spells.
Your spell library was empty.

Dungeon Overview and Level Annotations

Branches:
Dungeon (6/15)
 Temple: D:4-7

Altars:
Cheibriados
Fedhas
Uskayaw
Zin

Shops:
D:4 *


Message History

The gnoll is heavily wounded.
The gnoll misses you. The gnoll completely misses you.
The gnoll hits you but does no damage.
You hit the gnoll.
The gnoll is severely wounded.
The gnoll closely misses you. The gnoll barely misses you.
The gnoll closely misses you. The gnoll hits you with a +0 whip.
The gnoll hits you but does no damage. x2; The gnoll barely misses you.
You puncture the gnoll!
You kill the gnoll!
The gnoll hits you but does no damage. x2
The gnoll hits you from afar with a +0 spear.
The two-headed ogre hits you but does no damage.
The two-headed ogre hits you with a +0 dire flail.
The gnoll hits you but does no damage.
There is an open door here.
You reach to attack!
You barely miss the two-headed ogre.
The gnoll hits you but does no damage. x2
The two-headed ogre hits you with a +0 giant spiked club!
The two-headed ogre barely misses you.
You reach to attack!
You closely miss the two-headed ogre.
The two-headed ogre hits you with a +0 giant spiked club.
The two-headed ogre hits you with a +0 dire flail.
You barely miss the two-headed ogre. The gnoll hits you but does no damage.
The two-headed ogre barely misses you.
The two-headed ogre hits you with a +0 dire flail!
The gnoll hits you but does no damage.
You impale the two-headed ogre!!
The two-headed ogre is heavily wounded.
The gnoll hits you from afar with a +0 spear.
The two-headed ogre hits you with a +0 giant spiked club!!
* * * LOW HITPOINT WARNING * * *
The two-headed ogre hits you with a +0 dire flail!
* * * LOW HITPOINT WARNING * * *
The gnoll hits you from afar with a +0 spear.
* * * LOW HITPOINT WARNING * * *
You are too injured to fight recklessly!
The two-headed ogre attacks as you move away!
The two-headed ogre hits you with a +0 giant spiked club!!
You die...

. #. ###.#.
...#.#######
#......... .
##.......## .._
#.........#
....#####.....#
.......8#..<#.#
.._..)ggO@###.#
......g8#.....#
....#########....
.._ .### . .# .#


You could see a two-headed ogre and 3 gnolls.

Vanquished Creatures
  Grinder (D:3)
  2 phantoms
  A gnoll sergeant (D:6)
  3 scorpions (D:5)
  A jelly (D:4)
  2 hounds
  An orc priest (D:3)
  Terence (D:3)
  8 adders
  9 gnolls
  3 dart slugs
  8 orcs
  9 ball pythons
  7 bats
  8 endoplasms
  5 giant cockroaches
  3 goblins
  4 hobgoblins
  3 jackals (D:4)
  8 kobolds
  6 quokkas
  3 frilled lizards
  7 rats
103 creatures vanquished.

Notes
Turn   | Place    | Note
-------+----------+-------------------------------------------
     0 | D:1      | Nithhogg the Hill Orc Fighter began the quest for the Orb.
     0 | D:1      | Reached XP level 1. HP: 19/19 MP: 1/1
   105 | D:1      | Reached XP level 2. HP: 25/27 MP: 2/2
   105 | D:1      | You fall into a shaft and drop 1 floor!
   124 | D:2      | Reached skill level 1 in Invocations
   562 | D:1      | Reached XP level 3. HP: 33/33 MP: 4/4
  1208 | D:2      | Reached XP level 4. HP: 37/40 MP: 5/5
  1270 | D:2      | HP: 2/41 [gnoll/+0 spear (1)]
  1273 | D:2      | Reached XP level 5. HP: 3/47 MP: 6/6
  2282 | D:3      | Found a blossoming altar of Fedhas.
  2283 | D:3      | Found a hide-covered altar of Uskayaw.
  2325 | D:3      | Noticed Grinder
  2337 | D:3      | Killed Grinder
  2338 | D:3      | Reached skill level 5 in Fighting
  2338 | D:3      | Reached skill level 5 in Axes
  2338 | D:3      | Reached XP level 6. HP: 32/56 MP: 7/9
  2597 | D:3      | Reached skill level 5 in Armour
  2706 | D:3      | Noticed Terence
  2716 | D:3      | Killed Terence
  3124 | D:4      | Reached XP level 7. HP: 48/53 MP: 10/10
  3260 | D:4      | Identified the +2 sling of Chaos {heavy, Fly rElec}
  3413 | D:4      | Found Wittotuw's Assorted Antiques.
  3423 | D:4      | Bought a scroll labelled NEUGHI DINGYD for 27 gold pieces
  3423 | D:4      | Bought a scroll labelled NIPTAALAGG for 27 gold pieces
  3423 | D:4      | Bought a scroll labelled HISTIA ASARA for 27 gold pieces
  3423 | D:4      | Bought a scroll labelled HISTIA ASARA for 27 gold pieces
  3946 | D:5      | Entered Level 5 of the Dungeon
  4065 | D:5      | Reached skill level 5 in Invocations
  4126 | D:5      | Identified the +1 dagger of Blind Justice {elec, rPois
                  | rCorr Str-2 SInv}
  4200 | D:5      | Reached XP level 8. HP: 69/70 MP: 10/12
  4515 | D:6      | Identified the +2 pair of boots of the Fifty Curses {rF+
                  | Str+2 Dex+5}
  4522 | D:6      | Found a glowing silver altar of Zin.
  4525 | D:6      | Found a snail-covered altar of Cheibriados.
  4525 | D:6      | Found a blossoming altar of Fedhas.
  4525 | D:6      | Noticed a two-headed ogre
  4537 | D:6      | Mangled by a two-headed ogre

Illustrated notes

Levels and vault maps discovered:
D:1:      dpeg_arrival_rooms_with_view, layout_loops_ring, nicolae_hexahallways
D:2:      layout_basic
D:3:      layout_loops_corners, chequers_temple_overflow_statue_of_worship,
          uniq_grinder, uniq_terence
D:4:      layout_gridville, serial_shops, shop
D:5:      layout_basic, nicolae_elevator_lobby_plus
D:6:      layout_basic, doesnt_xom_only_xom, nicolae_overflow_hidden_temple,
          minmay_temple_entry_metal_lava, serial_demonic, serial_demonic_d,
          serial_demonic_c, serial_demonic_c, serial_demonic_c,
          serial_demonic_e, serial_demonic_b

Skill      XL: |  1  2  3  4  5  6  7  8 |
---------------+-------------------------+-----
Axes           | 3 4 5 6 |  6.5
Invocations    | 1 2 4 5 |  5.7
Fighting       | 4 5 6 |  6.5
Armour         | 4 5 6 |  6.0
Shields        | |  3.2

Action                     |  1- 3 |  4- 6 |  7- 9 || total
---------------------------+-------+-------+-------++-------
  Melee: War axe           |    90 |   118 |    25 ||   233
         Punch             |       |     1 |     2 ||     3
         Trident           |       |       |    44 ||    44
    Use: Potion            |       |     1 |       ||     1
 Armour: Scale mail        |    45 |    51 |       ||    96
         Chain mail        |       |     3 |    59 ||    62
  Dodge: Dodged            |    47 |    61 |    40 ||   148

Table legend: (Time is in decaauts)
 A = Elapsed time spent in this place.
 B = Non-inter-level travel time spent in this place.
 C = Inter-level travel time spent in this place.
 D = Time resting spent in this place.
 E = Time spent auto-exploring this place.
 F = Levels seen in this place.
 G = Mean time per level.
                   A        B        C        D        E       F      G
               +--------+--------+--------+--------+--------+-----+--------+
         Total |   4635 |   4537 |     98 |      0 |   3783 |   6 |  772.5 |
       Dungeon |   4635 |   4537 |     98 |      0 |   3783 |   6 |  772.5 |
               +--------+--------+--------+--------+--------+-----+--------+

Top non-repeatable levels by time:
     D:3: 1268 daAuts
     D:1: 1033 daAuts
     D:4: 895 daAuts
     D:2: 816 daAuts
     D:5: 586 daAuts
     D:6: 34 daAuts
